 Dungeon Crawl Stone Soup version 0.32-a0-377-g951292165a (webtiles) character file.

Game seed: 9231835695864784426

58 Anathary the Trooper (level 3, -3/29 HPs)
             Began as a Demonspawn Berserker on Feb 19, 2024.
             Was a Believer of Trog.
             Slain by a gnoll
             ... wielding a +0 spear
              (8 damage)
             ... on level 2 of the Dungeon.
             The game lasted 00:02:44 (764 turns).

Anathary the Trooper (Demonspawn Berserker)          Turns: 764, Time: 00:02:45

Health: -3/29      AC:  2    Str: 17    XL:     3   Next: 76%
Magic:  3/3        EV: 12    Int:  7    God:    Trog [**....]
Gold:   101        SH:  0    Dex: 14    Spells: 2/2 levels left

rFire   . . .        a - +0 hand axe
rCold   . . .        (no shield)
rNeg    . . .        b - +0 animal skin
rPois   .            (no helmet)
rElec   .            (no cloak)
rCorr   .            (no gloves)
SInv    .            (no boots)
Will    .....        (no amulet)
Stlth   +            (no ring)
HPRegen 0.24/turn    (no ring)
MPRegen 0.08/turn

%: no passive effects
@: no status effects
A: spiny 1
a: Renounce Religion, Berserk, Trog's Hand


You were on level 2 of the Dungeon.
You worshipped Trog.
Trog was pleased with you.
You visited 1 branch of the dungeon, and saw 2 of its levels.

You collected 101 gold pieces.

Inventory:

Hand Weapons
 a - a +0 hand axe (weapon)
Armour
 b - a +0 animal skin (worn)
Scrolls
 c - a scroll of immolation {unknown}
 d - a scroll of vulnerability {unknown}
 e - a scroll of identify {unknown}
 f - 2 scrolls of teleportation {unknown}
 g - 3 scrolls of fog {unknown}
 i - a scroll of acquirement {unknown}
Potions
 h - a potion of brilliance {unknown}


   Skills:
 + Level 3.6 Fighting
 + Level 3.5 Axes
 + Level 2.0 Armour
 + Level 2.1 Dodging


You had 2 spell levels left.
You didn't know any spells.
Your spell library was empty.

Dungeon Overview and Level Annotations

Branches:
Dungeon (2/15)

Altars:


Innate Abilities, Weirdness & Mutations

You are partially covered in sharp spines.


Message History

You hit the hobgoblin.
The hobgoblin is almost dead.
The hobgoblin closely misses you.
You hit the hobgoblin.
You kill the hobgoblin!
Trog accepts your kill.
Found a dagger. 4 gnolls come into view.
The gnoll shouts! x3
You hit the gnoll.
The gnoll is heavily wounded.
The gnoll is struck by your spines. The gnoll barely misses you.
You hit the gnoll but do no damage.
The gnoll is severely wounded.
The gnoll barely misses you.
You hit the gnoll but do no damage.
The gnoll is severely wounded.
The gnoll barely misses you.
The gnoll hits you from afar with a +0 spear.
The gnoll hits you with a +0 whip.
You slash the gnoll!
You kill the gnoll!
Trog accepts your kill.
You can now call upon Trog for regeneration and willpower.
You hit the gnoll but do no damage.
The gnoll hits you from afar with a +0 spear!
The gnoll is struck by your spines. The gnoll hits you with a +0 whip.
You barely miss the gnoll.
The gnoll is moderately wounded.
The gnoll is struck by your spines. The gnoll barely misses you.
The gnoll completely misses you.
You barely miss the gnoll.
The gnoll is severely wounded.
The gnoll hits you from afar with a +0 spear.
* * * LOW HITPOINT WARNING * * *
The gnoll is struck by your spines. The gnoll closely misses you.
You barely miss the gnoll.
The gnoll is almost dead.
The gnoll hits you from afar with a +0 spear!
You die...

#.# #.. #.#... #.#..# #
#.#..# #.####?#..# # .
##g........#.#. ..
....gg.g....... #.
########g...#
#.####......@)..##. #
#..................#
#.##..................#
#.....................#
#.......
#..................#.#..
..K.
##....####.####..).#.#..
... ####.## #.#
....#.#.. ... #..###.#
....#.#.# #.# ####..##.#
..#.#.# #.#


You could see 2 gnolls.

Vanquished Creatures
  A gnoll (D:2)
  5 bats
  An endoplasm (D:1)
  2 goblins (D:1)
  4 hobgoblins
  6 kobolds
  3 ball pythons (D:1)
  4 frilled lizards
  3 rats (D:1)
29 creatures vanquished.

Notes
Turn   | Place    | Note
-------+----------+-------------------------------------------
     0 | D:1      | Anathary the Demonspawn Berserker began the quest for the
                  | Orb.
     0 | D:1      | Reached XP level 1. HP: 18/18 MP: 1/1
   141 | D:1      | Gained mutation: You are partially covered in sharp spines.
                  | [demonic ancestry]
   141 | D:1      | Reached XP level 2. HP: 21/24 MP: 2/2
   461 | D:1      | Reached XP level 3. HP: 29/29 MP: 3/3
   761 | D:2      | Reached ** piety under Trog
   764 | D:2      | Slain by a gnoll

Illustrated notes

Levels and vault maps discovered:
D:1:      dpeg_arrival_arbitrary_c, layout_loops_cross, dk_noncrumbling_4
D:2:      layout_basic, dreamdust_wishing_well

Skill      XL: |  1  2  3 |
---------------+----------+-----
Axes           | 3 |  3.5
Dodging        | 2 |  2.1
Armour         | 2 |  2.0
Fighting       | |  3.6

Action                     || total
---------------------------++-------
  Melee: Hand axe          ||    46
 Armour: Animal skin       ||    24
  Dodge: Dodged            ||    32

Table legend: (Time is in decaauts)
 A = Elapsed time spent in this place.
 B = Non-inter-level travel time spent in this place.
 C = Inter-level travel time spent in this place.
 D = Time resting spent in this place.
 E = Time spent auto-exploring this place.
 F = Levels seen in this place.
 G = Mean time per level.
                   A        B        C        D        E       F      G
               +--------+--------+--------+--------+--------+-----+--------+
         Total |    770 |    743 |     27 |     12 |    499 |   2 |  385.0 |
       Dungeon |    770 |    743 |     27 |     12 |    499 |   2 |  385.0 |
               +--------+--------+--------+--------+--------+-----+--------+

Top non-repeatable levels by time:
     D:1: 659 daAuts
     D:2: 111 daAuts
